 Dungeon Crawl Stone Soup version 0.27.0-1-g7a089689b8 (webtiles) character file.

Game seed: 9527568494206446295

8876 mainiacjoe the Fighter (level 11, -6/105 HPs)
             Began as a Grey Draconian Berserker on Aug 9, 2021.
             Was an Elder of Trog.
             Succumbed to Sonja's curare-tipped dart
             ... on level 10 of the Dungeon.
             The game lasted 00:20:02 (13670 turns).

mainiacjoe the Fighter (Grey Draconian Berserker)  Turns: 13670, Time: 00:20:02

Health: -6/105     AC: 17    Str: 25    XL:     11   Next: 15%
Magic:  11/11      EV: 14    Int:  7    God:    Trog [****..]
Gold:   331        SH:  0    Dex: 12    Spells: 10/10 levels left

rFire    . . .     SeeInvis .   a - +4 great sword (venom)
rCold    . . .     Faith    +   (shield currently unavailable)
rNeg     . . .     Spirit   .   (armour unavailable)
rPois    .         Reflect  .   (helmet restricted)
rElec    .         Harm     .   F - +1 cloak
rCorr    .         Rampage  .   q - +1 pair of gloves {Str+3}
Will     .....                  S - +0 pair of boots
Stlth    +++.......             G - amulet of faith
HPRegen  0.27/turn              (no ring)
MPRegen  0.12/turn              (no ring)

@: lethally poisoned (-6 -> -36), slowed, studying Fighting, very slow
A: AC +12, amphibious, unfitting armour, cold-blooded
a: Renounce Religion, Berserk, Trog's Hand, Brothers in Arms


You were on level 10 of the Dungeon.
You worshipped Trog.
Trog was greatly pleased with you.
You visited 1 branch of the dungeon, and saw 10 of its levels.
You also visited: Sewer and Ossuary.

You collected 715 gold pieces.
You spent 384 gold pieces at shops.

Inventory:

Hand Weapons
 a - a +4 great sword of venom (weapon)
 b - a +0 hand crossbow
 T - a +0 hunting sling
Missiles
 i - 106 bolts
 j - 202 arrows
 l - 11 boomerangs (quivered)
 m - 48 poisoned darts
 n - 66 sling bullets
 t - 180 stones
 y - a throwing net {=F}
 I - 7 silver javelins
 J - 2 curare-tipped darts {=F}
Armour
 q - a +1 pair of gloves of strength (worn)
 F - a +1 cloak (worn)
 M - a +0 buckler
 S - a +0 pair of boots (worn)
Jewellery
 E - an amulet of the acrobat
 G - an amulet of faith (around neck)
 P - a ring of resist corrosion
Wands
 r - a wand of polymorph (7)
 K - a wand of charming (9)
 N - a wand of paralysis (8)
 O - a wand of acid (6)
 U - a wand of iceblast (10)
Scrolls
 c - a scroll of silence
 e - 2 scrolls of fog
 f - 3 scrolls of identify
 g - a scroll of immolation
 k - 3 scrolls of fear
 p - a scroll of blinking
 D - a scroll of enchant weapon {unknown}
 H - 2 scrolls of teleportation {unknown}
 Q - a scroll of vulnerability {unknown}
 R - a scroll of magic mapping {unknown}
Potions
 d - 2 potions of resistance
 h - 2 potions of flight
 o - 4 potions of heal wounds
 s - a potion of ambrosia
 u - 2 potions of curing
 v - a potion of haste
 w - a potion of degeneration {unknown}
 x - a potion of cancellation
 z - 3 potions of might
 A - 8 potions of attraction
 B - 3 potions of lignification
 C - a potion of mutation
Miscellaneous
 L - a tin of tremorstones (2/2)
 V - a phantom mirror


   Skills:
 * Level 12.7 Fighting
 * Level 10.5 Long Blades
 + Level 7.1 Dodging
 + Level 7.0 Stealth


You had 10 spell levels left.
You didn't know any spells.
Your spell library contained the following spells:

 Spells                   Type           Power      Damage    Failure   Level
 Animate Skeleton         Necr           0%         N/A       43%         1
 Apportation              Tloc           0%         N/A       43%         1
 Corona                   Hex            0%         N/A       43%         1
 Foxfire                  Conj/Fire      0%         2x1d4     43%         1
 Pain                     Necr           0%         1d4       43%         1
 Sting                    Tmut/Pois      0%         1d3       43%         1
 Summon Small Mammal      Summ           0%         N/A       43%         1
 Poisonous Vapours        Pois/Air       0%         N/A       56%         2
 Conjure Flame            Conj/Fire      0%         6-21      80%         3
 Inner Flame              Hex/Fire       0%         N/A       80%         3
 Vampiric Draining        Necr           0%         2d6       80%         3
 Cause Fear               Hex            0%         N/A       99%         4
 Olgreb's Toxic Radiance  Pois           0%         N/A       99%         4
 Dragon Form              Tmut           0%         N/A       100%        7
 Dragon's Call            Summ           0%         N/A       100%        9


Dungeon Overview and Level Annotations

Branches:
Dungeon (10/15)            Temple (0/1) D:5           Sewer (visited)
Ossuary (visited)
   Lair: D:8-11         Orc: D:9-12

Altars:
Ashenzari
Cheibriados
Makhleb
Qazlal
Yredelemnul
Zin

Shops:
D:9 !

Annotations:
D:10 Sonja


Innate Abilities, Weirdness & Mutations

Your dull iron-grey scales are very hard. (AC +12)
You are amphibious.
You cannot fit into any form of body armour.
You are cold-blooded and may be slowed by cold attacks.


Message History

You feel extremely sick.
You hear a shout!
The polar bear closely misses you.
You riposte.
You slice the polar bear!!
You kill the polar bear!
Trog accepts your kill. Sonja misses you. Sonja hits you but does no damage. x2
You are more poisoned.
Sonja shouts, "Too slow!"
Sonja hits you but does no damage.
You are more poisoned.
Sonja hits you with a +0 short sword of venom.
You are lethally poisoned!
Sonja closely misses you.
You completely miss Sonja.
You feel extremely sick.
Sonja shouts, "Hah!
Missed me again!"
Sonja mumbles some strange words.
Sonja blinks!
* * * LOW HITPOINT WARNING * * *
You feel extremely sick.
Sonja throws a curare-tipped dart.
The curare-tipped dart hits you.
You are more poisoned.
You have difficulty breathing.
* * * LOW HITPOINT WARNING * * *
You feel as though you will be slow longer.
You feel better.
Sonja throws a curare-tipped dart.
The curare-tipped dart hits you.
You are poisoned.
You have difficulty breathing.
* * * LOW HITPOINT WARNING * * *
You feel as though you will be slow longer.
Sonja throws a curare-tipped dart.
The curare-tipped dart hits you.
You are more poisoned.
You have difficulty breathing.
* * * LOW HITPOINT WARNING * * *
You feel as though you will be slow longer.
You hit the polar bear.
The polar bear is poisoned.
You tail-slap the polar bear.
The polar bear is lightly wounded.
You die...
P.P

.. ... #. ..#
#.. ...#
##.#######...
#....(.....
#.#$#...#
#....h..# #8
###.@..###8..
#......##...
#.#.....#_...
# #.#K####...
#.#.# ##8..
#.#.### ##8
#.#...#
#.#.### #...#


You could see a polar bear (very poisoned) and Sonja.

Vanquished Creatures
  5 two-headed ogres
  Maggie (D:6)
  A polar bear (D:10)
  Prince Ribbit (D:6)
  A wyvern (D:9)
  2 vampire mosquitoes (D:9)
  Menkaure (D:6)
  Duvessa (D:7)
  A water moccasin (D:5)
  3 ice beasts
  2 sky beasts
  A necrophage (D:5)
  4 orc warriors
  A black bear (D:8)
  A hornet zombie (D:6)
  A centaur (D:9)
  4 ogres
  A phantom (D:6)
  3 kobold brigands
  3 bullfrogs
  7 scorpions
  Dowan (D:7)
  7 killer bees
  2 wights (D:8)
  A howler monkey (D:4)
  2 bullfrog zombies (D:6)
  4 orc priests
  A jelly (D:5)
  4 hounds
  3 iguanas
  3 orc wizards
  2 killer bee zombies
  A hound zombie (D:5)
  A hound skeleton (D:5)
  8 mummies (Ossuary)
  2 howler monkey zombies
  A howler monkey skeleton (D:7)
  15 adders
  2 river rats (D:6)
  A white imp (D:8)
  3 worms
  3 dart slugs
  17 orcs
  9 ball pythons
  7 endoplasms
  4 giant cockroaches
  2 goblins
  5 hobgoblins
  10 jackals
  5 quokkas
  8 bats
  9 frilled lizards
  4 hobgoblin zombies (Ossuary)
  17 kobolds
  3 kobold zombies (Ossuary)
  An orc zombie (Ossuary)
  12 rats
225 creatures vanquished.

Vanquished Creatures (collateral kills)
  Harold (D:8)
  A bullfrog (D:8)
  3 killer bees (D:7)
  A wight (D:8)
6 creatures vanquished.

Vanquished Creatures (others)
  18 fungi
18 creatures vanquished.

Grand Total: 249 creatures vanquished

Notes
Turn   | Place    | Note
-------+----------+-------------------------------------------
     0 | D:1      | mainiacjoe the Draconian Berserker began the quest for the
                  | Orb.
     0 | D:1      | Reached XP level 1. HP: 19/19 MP: 1/1
   391 | D:1      | Reached XP level 2. HP: 26/26 MP: 2/2
  1029 | D:2      | Reached XP level 3. HP: 16/33 MP: 3/3
  1707 | D:2      | Reached skill level 4 in Fighting
  1855 | D:2      | Reached skill level 1 in Stealth
  2357 | D:2      | Reached XP level 4. HP: 36/40 MP: 4/4
  2571 | D:3      | Reached ** piety under Trog
  2727 | D:3      | Found a burning altar of Makhleb.
  3118 | D:4      | Reached XP level 5. HP: 37/47 MP: 5/5
  4117 | D:4      | Noticed an ogre
  4126 | D:4      | Killed an ogre
  4127 | D:4      | Reached skill level 5 in Fighting
  4127 | D:4      | Reached XP level 6. HP: 27/56 MP: 6/6
  4471 | D:5      | Entered Level 5 of the Dungeon
  4491 | D:5      | Noticed a water moccasin
  4503 | D:5      | Found a sand-covered staircase.
  4514 | D:5      | Killed a water moccasin
  4515 | D:5      | Reached skill level 5 in Long Blades
  4704 | Ossuary  | Entered an ossuary
  4923 | Ossuary  | Your scales start taking on a dull iron-grey colour.
  4923 | Ossuary  | Reached XP level 7. HP: 62/62 MP: 7/7
  5696 | D:5      | Reached skill level 6 in Fighting
  5871 | D:5      | Found a broken altar of Ashenzari.
  6130 | D:5      | Reached *** piety under Trog
  6558 | D:5      | Found a staircase to the Ecumenical Temple.
  6621 | D:5      | Reached XP level 8. HP: 71/71 MP: 8/8
  7178 | D:6      | Reached skill level 7 in Fighting
  7260 | D:6      | Noticed Menkaure
  7275 | D:6      | Killed Menkaure
  7295 | D:6      | Noticed Prince Ribbit
  7306 | D:6      | HP: 5/111 [kobold brigand (4)]
  7310 | D:6      | Reached skill level 5 in Dodging
  7310 | D:6      | HP: 1/74 [poisoned by a kobold brigand (curare-tipped
                  | dart)]
  7321 | D:6      | Reached skill level 8 in Fighting
  7321 | D:6      | Killed Prince Ribbit
  7322 | D:6      | Reached XP level 9. HP: 21/81 MP: 9/9
  7623 | D:6      | Found a glowing drain.
  7633 | Sewer    | Entered a sewer
  7648 | Sewer    | Reached **** piety under Trog
  7884 | D:6      | Found a basalt altar of Yredelemnul.
  8207 | D:6      | Noticed Maggie
  8231 | D:6      | Killed Maggie
  8232 | D:6      | Reached skill level 5 in Stealth
  9322 | D:6      | Reached skill level 9 in Fighting
  9349 | D:6      | Found the +7 Singing Sword {vorpal, sonic wave}
 10076 | D:7      | Noticed Dowan
 10079 | D:7      | Noticed Duvessa
 10093 | D:7      | Killed Dowan
 10101 | D:7      | Killed Duvessa
 10922 | D:8      | Identified a scroll of acquirement
 10923 | D:8      | Acquired a manual of Fighting
 10950 | D:8      | Reached XP level 10. HP: 91/92 MP: 10/10
 11090 | D:8      | Noticed Harold
 11099 | D:8      | Killed Harold
 11100 | D:8      | Reached skill level 10 in Fighting
 11456 | D:8      | Noticed a two-headed ogre
 11503 | D:8      | Noticed a two-headed ogre
 11510 | D:8      | Noticed a two-headed ogre
 11518 | D:8      | Killed a two-headed ogre
 11522 | D:8      | Killed a two-headed ogre
 11523 | D:8      | Reached skill level 11 in Fighting
 11533 | D:8      | Killed a two-headed ogre
 12033 | D:8      | Reached skill level 10 in Long Blades
 12052 | D:8      | Found a snail-covered altar of Cheibriados.
 12505 | D:9      | Acquired a +1 pair of gloves of strength
 12609 | D:9      | Found Tozotuh's Distillery.
 12612 | D:9      | Bought a potion of heal wounds for 60 gold pieces
 12612 | D:9      | Bought a potion of ambrosia for 96 gold pieces
 12612 | D:9      | Bought a potion of might for 48 gold pieces
 12612 | D:9      | Bought a potion of heal wounds for 60 gold pieces
 12612 | D:9      | Bought a potion of resistance for 120 gold pieces
 12681 | D:9      | Noticed a two-headed ogre
 12690 | D:9      | Killed a two-headed ogre
 12691 | D:9      | Reached skill level 12 in Fighting
 13163 | D:9      | Noticed a two-headed ogre
 13166 | D:9      | Reached XP level 11. HP: 102/105 MP: 11/11
 13171 | D:9      | Killed a two-headed ogre
 13341 | D:9      | Found a stormy altar of Qazlal.
 13647 | D:10     | Entered Level 10 of the Dungeon
 13655 | D:10     | Found a glowing silver altar of Zin.
 13656 | D:10     | Noticed Sonja
 13669 | D:10     | HP: 5/105 [asphyx]
 13670 | D:10     | Succumbed to Sonja's curare-tipped dart

Illustrated notes

Levels and vault maps discovered:
D:1:      scummos_arrival_hexagon, layout_basic
D:2:      layout_loops_ring, roderic_lattice_a
D:3:      layout_rooms, lightli_temple_of_fire
D:4:      layout_cave_pods
D:5:      layout_basic, mainiacjoe_overflow_chevrons,
          minmay_temple_entry_proselytizer, enter_ossuary_2, serial_curves,
          eino_curves_04, eino_curves_04, eino_curves_01, eino_curves_01
D:6:      old_forge, layout_layer_cave, lemuel_tele_altar, portal_sewer_entry_e,
          chequers_garden, uniq_maggie, uniq_menkaure, uniq_prince_ribbit1
D:7:      layout_basic, minmay_misc_feat_roman, uniq_duvessa
D:8:      layout_layer_cave, slow_altar_1, uniq_harold
D:9:      layout_long_grid, nicolae_qazlal_scattered_showers, serial_shops,
          nicolae_shop_behind_doors, glass_columns_a, statue_in_the_mist_lemuel
D:10:     layout_loops_ring, nicolae_overflow_hidden_temple,
          trog_ov_bears_minmay, erik_lair_island, uniq_erolcha, uniq_sonja

Skill      XL: |  1  2  3  4  5  6  7  8  9 10 11 |
---------------+----------------------------------+-----
Dodging        | 3 4 5 6 7 |  7.1
Fighting       | 4 5 6 8 9 12 | 12.7
Stealth        | 1 2 3 4 5 6 7 |  7.0
Long Blades    | 4 5 6 7 9 10 | 10.5

Action                   |  1- 3 |  4- 6 |  7- 9 | 10-12 || total
-------------------------+-------+-------+-------+-------++-------
Melee: Falchion          |    79 |   144 |   139 |       ||   362
       Tailslap          |    13 |    20 |    64 |    15 ||   112
       Long sword        |       |       |   246 |    52 ||   298
       Great sword       |       |       |       |    24 ||    24
 Fire: Hunting sling     |       |    42 |    21 |       ||    63
       Hand crossbow     |       |       |       |    26 ||    26
Throw: Stone             |    75 |   103 |       |       ||   178
       Boomerang         |       |       |   108 |    33 ||   141
Invok: Berserk           |       |     4 |     5 |     1 ||    10
       Trog's Hand       |       |     1 |     2 |     1 ||     4
       Brothers in Arms  |       |       |     1 |     1 ||     2
Evoke: Wand              |       |       |       |     2 ||     2
  Use: Scroll            |       |       |    19 |     2 ||    21
       Potion            |       |       |     2 |     1 ||     3
 Stab: Sleeping          |       |     1 |     2 |       ||     3
Armor: Skin              |    29 |    39 |   147 |    37 ||   252
Dodge: Dodged            |    53 |    93 |   253 |    80 ||   479
Block: Buckler           |       |       |    16 |     2 ||    18
       Rpst.: Falchion   |    10 |    25 |    15 |       ||    50
       Long sword        |       |       |    67 |     8 ||    75
       Great sword       |       |       |       |    12 ||    12
